 Dungeon Crawl Stone Soup version 0.19.5 (webtiles) character file.

7248 JeffiDaFish the Cleaver (level 11, -4/74 HPs)
             Began as a Gargoyle Fighter on Sept 26, 2017.
             Was an Elder of Okawaru.
             Slain by a hill giant
             ... wielding a +0 giant spiked club
              (25 damage)
             ... on level 9 of the Dungeon.
             The game lasted 00:24:04 (8726 turns).

JeffiDaFish the Cleaver (Gargoyle Fighter)          Turns: 8726, Time: 00:24:05

Health: -4/74      AC: 24    Str: 20    XL:     11   Next: 12%
Magic:  13/13      EV:  6    Int:  9    God:    Okawaru [****..]
Gold:   434        SH: 11    Dex: 12    Spells: 0 memorised, 10 levels left

rFire  . . .     SeeInvis .     a - +0 war axe
rCold  . . .     Gourm    .     y - +0 plate armour
rNeg   + . .     Faith    .     c - +0 shield
rPois  ∞         Spirit   .     (helmet restricted)
rElec  +         Reflect  .     j - +1 cloak
rCorr  .         Harm     .     (no gloves)
MR     +....                    t - +0 pair of boots
Stlth  ..........               (no amulet)
                                (no ring)
                                s - ring of protection from magic

@: no status effects
A: horns 1, negative energy resistance 1, robust 1, electricity resistance,
unbreathing, petrification resistance, rot immunity, AC +7
a: Heroism, Renounce Religion


You were on level 9 of the Dungeon.
You worshipped Okawaru.
Okawaru was greatly pleased with you.
You were near starving.

You visited 2 branches of the dungeon, and saw 10 of its levels.
You also visited: Sewer.

You collected 542 gold pieces.
You spent 108 gold pieces at shops.

Inventory:

Hand Weapons
 a - a +0 war axe (weapon)
Armour
 c - a +0 shield (worn)
 j - a +1 cloak (worn)
 t - a +0 pair of boots (worn)
 y - a +0 plate armour (worn)
Jewellery
 s - a ring of protection from magic (left hand)
Scrolls
 d - 2 scrolls of blinking
 l - a scroll of amnesia
 m - 7 scrolls of remove curse
 p - 4 scrolls of magic mapping
 q - 3 scrolls of teleportation
 u - 2 scrolls of fear
 v - 3 scrolls of identify
 w - a scroll of fog
 z - a scroll of recharging
Potions
 b - a potion of curing
 e - 3 potions of flight
 g - 4 potions of heal wounds
 k - a potion of magic
 o - a potion of haste
 x - a potion of berserk rage
 B - a potion of might
Comestibles
 f - 9 bread rations
 h - 6 beef jerkies
 i - 6 meat rations
 n - 10 fruits
 r - a slice of pizza
 A - 9 royal jellies


   Skills:
 * Level 7.9 Fighting
 * Level 9.9 Axes
 * Level 7.7 Armour
 + Level 3.7 Dodging
 * Level 8.7 Shields
 + Level 3.3 Invocations


You had 10 spell levels left.
You didn't know any spells.

Dungeon Overview and Level Annotations

Branches:
Dungeon (9/15)             Temple (1/1) D:5             Orc (0/2) D:9
   Lair: D:8-11

Altars:
Ashenzari
Cheibriados
Dithmenos
Elyvilon
Gozag
Hepliaklqana
Kikubaaqudgha
Makhleb
Nemelex Xobeh
Okawaru
Qazlal
Ru
Sif Muna
Trog
Uskayaw
Vehumet
Xom
Zin
The Shining One

Shops:
D:7 !


Innate Abilities, Weirdness & Mutations

You are resistant to torment.
Your stone body is resilient. (AC +7)
You are immune to poison.
You resist negative energy. (rN+)
You are resistant to electric shocks. (rElec)
You can survive without breathing.
You are immune to petrification.
You are immune to rotting.
You have a pair of small horns on your head.
You are robust. (+10% HP)


Message History

You slash the hill giant!
The hill giant is heavily wounded.
The hill giant hits you with a giant spiked club!!
You hit the hill giant.
You headbutt the hill giant, but do no damage.
The hill giant is severely wounded.
The hill giant hits you with a giant spiked club!!
* * * LOW HITPOINT WARNING * * *
You hit the hill giant.
The hill giant is severely wounded.
The hill giant hits you but does no damage.
You feel much better.
You hit the hill giant. You headbutt the hill giant!
The hill giant is severely wounded.
The hill giant hits you with a giant spiked club!
* * * LOW HITPOINT WARNING * * *
You slash the hill giant! You headbutt the hill giant.
The hill giant is almost dead.
The hill giant hits you with a giant spiked club!!
You die... #....##?+ ............. +/##....# #.8..##%# .....⌠..... #(##..8.# #....##$+ ......... +(##....# ####.##%# ....... #)##.#### #.##(+ ..J.. +$##.#... #.##[# rF5

#:##.#... #'####### ###e# #
####'#...
###.#8###8###8#C#8###8###8#.###.
+.....'........@........'.....'.
#####8###8###8###8###8###8######
### ### ### ## ## # #########
################# ........#
#................ ........#
#..##########.### ........#
#..<.......##.# ........#
#..#######.##.# ........#
#.......##.##.###


You could see a hill giant, a deep elf knight, a bullfrog, a jelly, a shadow imp
and a quokka.

Vanquished Creatures
  Pikel (D:6)
  2 ugly things
  A troll (D:9)
  A hornet (D:8)
  Grinder (D:3)
  A hippogriff (D:8)
  Sigmund (D:6)
  3 yaks (D:9)
  Eustachio (D:4)
  A soldier ant (D:8)
  A water moccasin (D:5)
  Duvessa (D:4)
  An orc warrior (D:6)
  A necrophage (D:9)
  8 ice beasts
  A sky beast (D:9)
  4 ogres
  2 wolves (D:9)
  4 phantoms
  3 centaurs
  Blork the orc (D:4)
  5 bullfrogs
  A hornet simulacrum (D:9)
  Dowan (D:4)
  A water moccasin skeleton (D:9)
  4 killer bees (D:8)
  4 howler monkeys
  A bullfrog zombie (D:5)
  4 crimson imps
  5 hounds
  A centaur zombie (D:5)
  A wyvern simulacrum (D:9)
  An orc priest (D:7)
  A bullfrog skeleton (D:9)
  3 jellies
  3 orc wizards
  Ijyb (D:3)
  An iguana (D:3)
  Natasha (D:3)
  6 worker ants
  A bullfrog simulacrum (D:9)
  A hound skeleton (D:5)
  A worker ant zombie (D:7)
  4 gnolls (D:8)
  7 adders
  5 river rats (Sewer)
  3 shadow imps
  6 white imps (D:9)
  A worker ant simulacrum (D:9)
  3 ufetubi (D:9)
  An ooze (D:3)
  2 adder zombies
  2 adder skeletons
  5 worms
  3 dart slugs
  7 leopard geckos
  17 orcs
  5 bats
  3 giant cockroaches
  5 goblins
  7 hobgoblins
  13 jackals
  6 kobolds
  A quokka (D:2)
  2 ball pythons (Sewer)
  9 frilled lizards
  A quokka simulacrum (D:9)
  11 rats
217 creatures vanquished.

Vanquished Creatures (others)
  A slave (D:6)
  A worker ant (D:6)
  An orc (D:6)
3 creatures vanquished.

Grand Total: 220 creatures vanquished

Notes
Turn   | Place    | Note
-------+----------+-------------------------------------------
     0 | D:1      | JeffiDaFish the Gargoyle Fighter began the quest for the Orb.
     0 | D:1      | Reached XP level 1. HP: 14/14 MP: 1/1
   331 | D:1      | Reached XP level 2. HP: 19/19 MP: 2/2
   718 | D:2      | Reached skill level 2 in Axes
   724 | D:2      | Reached XP level 3. HP: 21/23 MP: 3/3
  1186 | D:2      | Found a sacrificial altar of Ru.
  1557 | D:3      | Reached XP level 4. HP: 25/29 MP: 4/4
  1603 | D:3      | Noticed Ijyb
  1606 | D:3      | Killed Ijyb
  1633 | D:3      | Noticed Grinder
  1650 | D:3      | Paralysed by Grinder for 5 turns
  1661 | D:3      | Paralysed by Grinder for 6 turns
  1670 | D:3      | Killed Grinder
  1670 | D:3      | Reached skill level 3 in Axes
  1670 | D:3      | Reached skill level 1 in Dodging
  1670 | D:3      | Reached XP level 5. HP: 28/33 MP: 5/5
  1670 | D:3      | Reached XP level 6. HP: 32/38 MP: 6/6
  1953 | D:3      | Found a glowing drain.
  1955 | D:3      | Noticed Natasha
  1961 | D:3      | Killed Natasha
  1990 | Sewer    | Entered a sewer
  2022 | Sewer    | Reached skill level 4 in Axes
  2547 | D:3      | Reached skill level 5 in Shields
  2677 | D:4      | Noticed Blork the orc
  2696 | D:4      | Killed Blork the orc
  2696 | D:4      | Reached XP level 7. HP: 40/43 MP: 7/7
  2762 | D:4      | Noticed Dowan
  2775 | D:4      | Killed Dowan
  3106 | D:4      | Noticed Eustachio
  3122 | D:4      | Killed Eustachio
  3125 | D:4      | Gained mutation: You are robust. (+10% HP) [potion of mutation]
  3125 | D:4      | Gained mutation: You have a pair of small horns on your head. [potion of mutation]
  3340 | D:4      | Noticed Duvessa
  3355 | D:4      | Killed Duvessa
  3355 | D:4      | Reached skill level 5 in Axes
  3474 | D:5      | Entered Level 5 of the Dungeon
  3667 | D:5      | Reached XP level 8. HP: 48/52 MP: 8/8
  3694 | D:5      | Found a staircase to the Ecumenical Temple.
  3703 | Temple   | Entered the Ecumenical Temple
  3735 | Temple   | Became a worshipper of Warmaster Okawaru
  3890 | D:5      | Found a glowing golden altar of the Shining One.
  3912 | D:5      | Reached skill level 6 in Axes
  4162 | D:5      | Reached skill level 5 in Armour
  4367 | D:5      | Reached * piety under Okawaru
  4367 | D:5      | Reached skill level 5 in Fighting
  4630 | D:6      | Noticed Sigmund
  4631 | D:6      | Noticed Pikel
  4631 | D:6      | Reached skill level 7 in Axes
  4641 | D:6      | Reached XP level 9. HP: 56/59 MP: 6/9
  4649 | D:6      | Killed Pikel
  4649 | D:6      | Reached ** piety under Okawaru
  4659 | D:6      | Killed Sigmund
  4659 | D:6      | Reached skill level 8 in Axes
  4829 | D:6      | Found a shattered altar of Ashenzari.
  5190 | D:7      | Reached skill level 9 in Axes
  5329 | D:7      | Got a brightly glowing chain mail
  5340 | D:7      | Identified the +0 chain mail of Eruil {Regen+ Int-3 Stlth+} (You found it on level 7 of the Dungeon)
  5418 | D:7      | Found Asusk's Distillery.
  5426 | D:7      | Bought a potion of might for 48 gold pieces
  5426 | D:7      | Bought a potion of heal wounds for 60 gold pieces
  5562 | D:7      | Reached XP level 10. HP: 53/66 MP: 10/10
  5613 | D:7      | Reached *** piety under Okawaru
  6218 | D:8      | Reached skill level 1 in Invocations
  6478 | D:8      | Noticed a green ugly thing
  6493 | D:8      | Killed a green ugly thing
  7021 | D:9      | Reached **** piety under Okawaru
  7296 | D:9      | Noticed a green ugly thing
  7317 | D:9      | Killed a green ugly thing
  7816 | D:9      | Reached XP level 11. HP: 55/74 MP: 13/13
  8208 | D:9      | Found a staircase to the Orcish Mines.
  8356 | D:9      | Found an ancient bone altar of Kikubaaqudgha.
  8713 | D:9      | Noticed a hill giant
  8717 | D:9      | Noticed a deep elf knight
  8726 | D:9      | Slain by a hill giant

Skill      XL: |  1  2  3  4  5  6  7  8  9 10 11 |
---------------+----------------------------------+-----
Axes           | 2 3 4 5 7 9 |  9.9
Shields        | 4 5 6 7 8 |  8.7
Armour         | 4 5 6 7 |  7.7
Dodging        | 1 2 3 |  3.7
Fighting       | 4 5 6 7 |  7.9
Invocations    | 2 3 |  3.3

Action                   |  1- 3 |  4- 6 |  7- 9 | 10-12 || total
-------------------------+-------+-------+-------+-------++-------
Melee: War axe           |   135 |   161 |   337 |   397 ||  1030
       Headbutt          |       |       |    52 |    88 ||   140
Invok: Heroism           |       |       |     1 |     1 ||     2
  Use: Scroll            |     6 |     4 |     7 |       ||    17
       Potion            |     5 |     6 |     5 |     2 ||    18
  Eat: Chunk             |     2 |     5 |    10 |     9 ||    26
Armor: Scale mail        |    89 |       |       |       ||    89
       Chain mail        |    30 |    75 |   160 |       ||   265
       Plate armour      |       |       |    52 |   236 ||   288
Dodge: Dodged            |    63 |    31 |    82 |    79 ||   255
Block: Shield            |    96 |    74 |   167 |   214 ||   551
